Unix NetHack Version 5.0.0-0 post-release - last build May  4 2026 22:22:43 (774f63e81ad911689b3a0859ea89b322d5daca8d,branch:main).

Game began 2026-05-10 09:24:56, ended 2026-05-10 09:51:37.

2462064111, lawful female human Valkyrie

                     ---------------
    --------         |.............|
    |......|       ##|.............|
    |..{....######## |.............|
    |......|        #..............|
    ----.---        #-------------.-
        #           #            ##
        #           #       ####@r
        #           #      ##
        #           #      #
        # -----    ##      #
        # |...|    #       #
        # |...|    #    ####
       -.--...----##    ###
       |..........#  ---|-.-
       |.........|   |......
       |.........|   |<.%..|
       -----------   -------

2462064111 the Skirmisher   St:18/02 Dx:11 Co:18 In:10 Wi:5 Ch:9  Lawful
Dlvl:4  $:70 HP:0(34) Pw:5(5) AC:6  Xp:3 T:1287 

Latest messages:
 The cool draught refreshes you.
 What do you want to eat? [j or ?*] h
 You cannot eat that!
 What do you want to eat? [j or ?*] j
 This food really hits the spot!
 You finish eating the food ration.
 You hear an A note squeak in the distance.
 You kill the fox!
 You hear an A note squeak in the distance.
 The hobgoblin hits!
 You hit the hobgoblin.
 The hobgoblin hits!
 You miss the hobgoblin.
 The hobgoblin just misses!
 You kill the hobgoblin!
 You kill the kobold!
 You miss the gecko.
 The gecko bites!
 You miss the gecko.
 You hit the gecko!
 The gecko bites!
 The wererat bites!
 You feel feverish.
 You kill the gecko!
 Welcome to experience level 3.
 You feel stealthy!
 The wererat bites!
 You miss the wererat.
 The wererat bites!
 You hit the wererat.
 The wererat bites!
 You hit the wererat.
 The wererat bites!
 You hit the wererat.
 The wererat bites!
 You see here a kobold corpse.
 l - a kobold corpse.
 The wererat bites!
 You miss the wererat.
 The wererat bites!
 You hit the wererat!
 The wererat bites!
 You miss the wererat.
 The wererat bites!
 You die...
 Do you want your possessions identified? [ynq] (y) n
 Do you want to see your attributes? [ynq] (y) n
 Do you want an account of creatures vanquished? [ynaq] (y) n
 Do you want to see your conduct and achievements? [ynq] (y) n
 Do you want to see the dungeon overview? [ynq] (y) n

Inventory:
 Coins    ('$')
  $ - 70 gold pieces
 Weapons  (')')
  b - a blessed +0 dagger
 Armor    ('[')
  c - an uncursed +3 small shield (being worn)
 Comestibles  ('%')
  l - an uncursed kobold corpse
 Potions  ('!')
  h - an uncursed potion of gain energy
 Gems/Stones  ('*')
  k - an uncursed worthless piece of orange glass

2462064111 the Valkyrie's attributes:

Background:
 You were a Skirmisher, a level 3 human Valkyrie.
 You were lawful, nominally on a mission for Tyr
 who was opposed by Odin (neutral) and Loki (chaotic).
 You were right-handed.
 You were in the Dungeons of Doom, on level 4.
 You entered the dungeon 1287 turns ago.
 You had 41 experience points, 39 more were needed to attain level 4.

Basics:
 You had 0 out of 34 hit points.
 You had all 5 energy points (spell power).
 Your armor class was 6.
 Your wallet contained 70 zorkmids.
 Autopickup was off.

Final Characteristics:
 Your strength was 18/02 (limit:18/100).
 Your dexterity was 11 (limit:18).
 Your constitution was 18 (limit:18).
 Your intelligence was 10 (limit:18).
 Your wisdom was 5 (limit:18).
 Your charisma was 9 (limit:18).

Final Status:
 You weren't hungry.
 You were unencumbered.
 You were bare handed.
 You were unskilled in bare handed combat.

Final Attributes:
 You were devoutly aligned.
 You were cold resistant.
 You were level-drain resistant.
 You were stealthy.
 You were a wererat.
 You were harmed by silver.
 You are dead.

Miscellaneous:
 You didn't encounter any bones levels.
 Total elapsed playing time was 26 minutes and 40 seconds.

Major events:
 Turn
    1: 2462064111 the lawful human Valkyrie entered the dungeon
 1278: attained the rank of Skirmisher (level 3)
 1287: killed by a wererat

You didn't know any spells.

Skills:
 Fighting Skills
   bare handed combat [Unskilled]
   two weapon combat  [Unskilled]
   riding             [Unskilled]
 Weapon Skills
   dagger             [Basic]
   axe                [Unskilled]
   pick-axe           [Unskilled]
   short sword        [Unskilled]
   broadsword         [Unskilled]
   long sword         [Unskilled]
   two-handed sword   [Unskilled]
   saber              [Unskilled]
   hammer             [Unskilled]
   quarterstaff       [Unskilled]
   polearms           [Unskilled]
   spear              [Basic]
   trident            [Unskilled]
   lance              [Unskilled]
   sling              [Unskilled]
 Spellcasting Skills
   attack spells      [Unskilled]
   escape spells      [Unskilled]

Voluntary challenges:
 Character rerolling was not enabled.
 You were an atheist.
 You never genocided any monsters.
 You never polymorphed an object.
 You never changed form.
 You used no wishes.
Achievement:
 You attained the rank of Skirmisher.

 The Dungeons of Doom: levels 1 to 4
    Level 1:
       An altar, a fountain.
    Level 2:
    Level 3:
    Level 4: <- You were here.
       A fountain.
       Final resting place for
          you, killed by a wererat.


Vanquished creatures:
  2 coyotes
  a hobgoblin
  a gecko
  4 jackals
  2 foxes
  a kobold
  3 sewer rats
  4 grid bugs
  3 lichens
  2 newts
23 creatures vanquished.

No species were genocided or became extinct.

Game over:
                       ----------
                      /          \
                     /    REST    \
                    /      IN      \
                   /     PEACE      \
                  /                  \
                  |    2462064111    |
                  |      70 Au       |
                  |   killed by a    |
                  |     wererat      |
                  |                  |
                  |                  |
                  |       2026       |
                 *|     *  *  *      | *
        _________)/\\_//(\/(/\)/\//\/|_)_______

Farvel 2462064111 the Valkyrie...

You died in The Dungeons of Doom on dungeon level 4 with 377 points,
and 70 pieces of gold, after 1287 moves.
You were level 3 with a maximum of 34 hit points when you died.

